[ AOE2 MATCH · #473333970 ]
UnrankedPersians vs Jurchens
[ REPLAY ANALYSIS · EXTRACTED FROM THE RECORDED GAME ]
Feudal
9:31
Castle
21:00
Imperial
34:40
| APM avg | 30.4 |
| APM peak | 91 |
| eAPM avg | 10.1 |
| Villagers / military | 81 / 65 |
Focus
⚔️ 31.8% · 🌾 68.2%
Archer ×59 · Knight ×6
Feudal
10:20
Castle
18:04
Imperial
—
| APM avg | 22.5 |
| APM peak | 63 |
| eAPM avg | 11.4 |
| Villagers / military | 52 / 21 |
Focus
⚔️ 20.7% · 🌾 79.3%
Skirmisher ×9 · Unknown (1911) ×7 · Steppe Lancer ×4 · Spearman ×3 · Iron Pagoda ×3 · Battering Ram ×1
Feudal
9:13
Castle
21:03
Imperial
—
| APM avg | 50.0 |
| APM peak | 106 |
| eAPM avg | 23.9 |
| Villagers / military | 119 / 53 |
Focus
⚔️ 17.4% · 🌾 82.6%
Knight ×38 · Scout Cavalry ×7 · Spearman ×6 · Monk ×2
Feudal
11:29
Castle
25:14
Imperial
—
| APM avg | 22.2 |
| APM peak | 51 |
| eAPM avg | 11.0 |
| Villagers / military | 67 / 55 |
Focus
⚔️ 29.1% · 🌾 70.9%
Spearman ×25 · Fire Lancer ×12 · Battle Elephant ×7 · Rattan Archer ×6 · Battering Ram ×5
Match map
Initial resources + every placement click. Lines = walls · curves = elevation contours. ◆ gold · ⬟ stone · ● berries · ✦ relic · ◌ wall gap
Your base· Open — 6t gap
Yoshizz's base· Open — unwalled flank
Kable109's base· Open — unwalled flank
Carter's base· Open — 1t gap
Smoothed initial terrain · ◌ = detected wall gap · hover for details
Inputs per minute
— Lankabel95 - - Yoshizz
Build order — Lankabel95
First 150 of 208 actions detected
| 0:00 | Create | Villager (Male) |
| 0:01 | Create | Villager (Male) |
| 0:01 | Create | Villager (Male) |
| 0:02 | Build | House |
| 0:04 | Build | House |
| 0:19 | Create | Villager (Male) |
| 0:19 | Create | Villager (Male) |
| 0:20 | Create | Villager (Male) |
| 1:40 | Create | Villager (Male) |
| 1:41 | Create | Villager (Male) |
| 1:45 | Build | Lumber Camp |
| 2:12 | Create | Villager (Male) |
| 2:59 | Create | Villager (Male) |
| 3:15 | Create | Villager (Male) |
| 3:39 | Create | Villager (Male) |
| 3:43 | Build | House |
| 3:44 | Build | House |
| 4:25 | Create | Villager (Male) |
| 4:41 | Create | Villager (Male) |
| 5:03 | Create | Villager (Male) |
| 5:12 | Build | Mill |
| 5:23 | Create | Villager (Male) |
| 5:24 | Create | Villager (Male) |
| 5:54 | Create | Villager (Male) |
| 6:24 | Create | Villager (Male) |
| 6:26 | Research | Loom |
| 7:21 | Build | Lumber Camp |
| 7:27 | Research | Feudal Age |
| 7:33 | Build | Mining Camp |
| 7:41 | Build | Barracks |
| 7:44 | Build | House |
| 8:54 | Create | Villager (Male) |
| 9:04 | Create | Villager (Male) |
| 9:13 | Build | House |
| 9:31 | Age | Feudal Age |
| 9:32 | Build | Archery Range |
| 9:47 | Build | Blacksmith |
| 9:51 | Build | Palisade Wall |
| 9:53 | Create | Villager (Male) |
| 9:59 | Build | Farm |
| 10:00 | Build | Farm |
| 10:04 | Create | Villager (Male) |
| 10:04 | Create | Villager (Male) |
| 10:15 | Build | Farm |
| 10:42 | Build | Farm |
| 10:42 | Build | Farm |
| 10:45 | Create | Archer |
| 10:46 | Create | Archer |
| 11:01 | Create | Villager (Male) |
| 11:10 | Build | Farm |
| 11:15 | Build | Farm |
| 11:22 | Create | Villager (Male) |
| 11:27 | Create | Archer |
| 11:34 | Build | Farm |
| 11:35 | Create | Villager (Male) |
| 12:00 | Create | Archer |
| 12:03 | Create | Villager (Male) |
| 12:08 | Build | Farm |
| 12:28 | Build | Farm |
| 12:28 | Build | Farm |
| 12:33 | Create | Villager (Male) |
| 12:39 | Build | Farm |
| 12:42 | Create | Archer |
| 12:49 | Create | Villager (Male) |
| 12:57 | Create | Archer |
| 13:26 | Build | House |
| 13:27 | Build | House |
| 13:33 | Create | Villager (Male) |
| 13:33 | Create | Villager (Male) |
| 13:38 | Research | Wheelbarrow |
| 14:33 | Create | Villager (Male) |
| 14:33 | Create | Villager (Male) |
| 14:42 | Research | Fletching |
| 15:03 | Create | Villager (Male) |
| 15:29 | Create | Villager (Male) |
| 15:29 | Create | Villager (Male) |
| 15:31 | Create | Archer |
| 15:31 | Create | Archer |
| 15:32 | Create | Archer |
| 15:32 | Create | Archer |
| 15:32 | Create | Archer |
| 15:32 | Create | Archer |
| 16:10 | Create | Villager (Male) |
| 16:11 | Create | Villager (Male) |
| 16:15 | Build | Farm |
| 16:15 | Build | Farm |
| 16:19 | Create | Villager (Male) |
| 16:19 | Create | Villager (Male) |
| 16:20 | Create | Archer |
| 17:02 | Build | House |
| 17:03 | Build | House |
| 17:06 | Build | House |
| 17:07 | Build | House |
| 17:11 | Build | House |
| 17:14 | Build | Archery Range |
| 17:59 | Create | Villager (Male) |
| 17:59 | Create | Villager (Male) |
| 18:06 | Build | Stable |
| 18:28 | Research | Castle Age |
| 18:39 | Research | Padded Archer Armor |
| 19:08 | Create | Archer ×3 |
| 19:31 | Build | Farm |
| 19:51 | Research | Bloodlines |
| 19:55 | Research | Scale Barding Armor |
| 20:10 | Create | Villager (Male) |
| 20:13 | Research | Horse Collar |
| 20:34 | Research | Forging |
| 21:00 | Age | Castle Age |
| 21:01 | Create | Knight |
| 21:11 | Research | Crossbowman (upgrade) |
| 21:16 | Create | Villager (Male) |
| 21:23 | Build | Town Center |
| 21:40 | Create | Knight |
| 21:43 | Create | Villager (Male) |
| 21:53 | Create | Villager (Male) |
| 22:10 | Create | Villager (Male) |
| 22:31 | Create | Villager (Male) |
| 22:31 | Create | Villager (Male) |
| 22:55 | Create | Knight |
| 22:59 | Create | Archer |
| 22:59 | Create | Archer |
| 22:59 | Create | Archer |
| 22:59 | Create | Archer |
| 23:00 | Create | Archer |
| 23:00 | Create | Archer |
| 23:10 | Build | University |
| 23:14 | Create | Villager (Male) |
| 23:15 | Create | Villager (Male) |
| 23:32 | Create | Villager (Male) |
| 23:37 | Research | Bodkin Arrow |
| 23:42 | Create | Villager (Male) |
| 23:47 | Build | Farm |
| 24:05 | Create | Villager (Male) |
| 24:06 | Create | Villager (Male) |
| 24:06 | Create | Villager (Male) |
| 26:17 | Create | Villager (Male) |
| 26:17 | Create | Villager (Male) |
| 26:20 | Research | Ballistics |
| 26:24 | Research | Leather Archer Armor |
| 26:29 | Research | Husbandry |
| 26:50 | Build | Castle |
| 27:01 | Create | Villager (Male) |
| 27:01 | Create | Villager (Male) |
| 27:07 | Research | Hand Cart |
| 27:08 | Research | Town Watch |
| 27:12 | Build | House |
| 27:13 | Build | House |
| 27:13 | Build | House |
| 27:13 | Build | House |
| 27:13 | Build | House |
Build order — Yoshizz
138 actions detected in the replay
| 0:01 | Create | Villager (Male) |
| 0:01 | Create | Villager (Male) |
| 0:01 | Create | Villager (Male) |
| 0:03 | Build | House |
| 0:04 | Build | House |
| 0:36 | Create | Villager (Male) |
| 1:59 | Build | Lumber Camp |
| 2:04 | Create | Villager (Male) |
| 2:05 | Create | Villager (Male) |
| 2:32 | Create | Villager (Male) |
| 2:33 | Create | Villager (Male) |
| 3:02 | Build | House |
| 3:06 | Create | Villager (Male) |
| 3:52 | Create | Villager (Male) |
| 4:19 | Create | Villager (Male) |
| 4:20 | Create | Villager (Male) |
| 4:31 | Build | Mill |
| 5:16 | Create | Villager (Male) |
| 6:03 | Create | Villager (Male) |
| 6:22 | Build | House |
| 6:26 | Create | Villager (Male) |
| 6:26 | Create | Villager (Male) |
| 6:48 | Create | Villager (Male) |
| 6:49 | Create | Villager (Male) |
| 7:19 | Build | Mill |
| 8:10 | Research | Feudal Age |
| 8:17 | Build | Mining Camp |
| 9:16 | Build | House |
| 9:35 | Build | Barracks |
| 9:54 | Create | Villager (Male) |
| 9:55 | Create | Villager (Male) |
| 10:13 | Research | Loom |
| 10:14 | Create | Villager (Male) |
| 10:14 | Create | Villager (Male) |
| 10:20 | Age | Feudal Age |
| 10:20 | Research | Double-Bit Axe |
| 10:31 | Build | House |
| 10:46 | Build | Palisade Wall |
| 10:53 | Build | Palisade Wall |
| 11:12 | Create | Spearman |
| 11:12 | Create | Spearman |
| 11:27 | Build | House |
| 11:33 | Create | Villager (Male) |
| 12:05 | Create | Spearman |
| 12:06 | Create | Villager (Male) |
| 12:22 | Build | House |
| 12:29 | Create | Villager (Male) |
| 12:48 | Build | Mill |
| 13:04 | Create | Villager (Male) |
| 13:41 | Create | Villager (Male) |
| 13:50 | Build | Archery Range |
| 14:29 | Build | Archery Range |
| 14:40 | Build | Blacksmith |
| 14:43 | Build | House |
| 14:59 | Create | Villager (Male) |
| 15:23 | Research | Castle Age |
| 15:30 | Create | Skirmisher |
| 15:30 | Create | Skirmisher |
| 15:52 | Build | Farm |
| 15:52 | Build | Farm |
| 16:06 | Research | Padded Archer Armor |
| 16:10 | Build | Farm |
| 16:47 | Create | Skirmisher |
| 17:09 | Build | Market |
| 17:14 | Build | Farm |
| 17:15 | Build | Farm |
| 17:16 | Build | Farm |
| 17:43 | Create | Villager (Male) |
| 17:43 | Create | Villager (Male) |
| 17:43 | Create | Villager (Male) |
| 18:04 | Age | Castle Age |
| 18:31 | Create | Villager (Male) |
| 18:39 | Build | Town Center |
| 19:13 | Research | Wheelbarrow |
| 19:21 | Build | Farm |
| 19:21 | Build | Farm |
| 19:21 | Build | Farm |
| 19:22 | Build | Farm |
| 19:57 | Create | Skirmisher |
| 20:06 | Build | Farm |
| 20:06 | Build | Farm |
| 20:06 | Build | Farm |
| 20:32 | Build | Stable |
| 20:43 | Create | Villager (Male) |
| 20:43 | Create | Villager (Male) |
| 20:46 | Create | Villager (Male) |
| 20:46 | Create | Villager (Male) |
| 21:03 | Research | Bow Saw |
| 21:28 | Create | Steppe Lancer |
| 21:36 | Create | Villager (Male) |
| 21:48 | Build | Farm |
| 22:06 | Build | Palisade Wall |
| 22:13 | Build | Mining Camp |
| 22:28 | Create | Villager (Male) |
| 22:29 | Create | Villager (Male) |
| 22:32 | Create | Villager (Male) |
| 22:33 | Create | Villager (Male) |
| 22:36 | Build | Farm |
| 22:38 | Create | Scout Cavalry |
| 22:40 | Create | Steppe Lancer |
| 22:41 | Create | Steppe Lancer |
| 22:45 | Research | Scale Barding Armor |
| 22:55 | Create | Unit 1911 |
| 23:00 | Create | Unit 1911 |
| 23:03 | Create | Unit 1911 |
| 23:18 | Create | Villager (Male) |
| 23:26 | Build | Farm |
| 23:30 | Create | Steppe Lancer |
| 23:39 | Build | House |
| 23:40 | Build | House |
| 23:41 | Build | House |
| 23:42 | Build | House |
| 23:53 | Research | Bloodlines |
| 24:39 | Create | Villager (Male) ×5 |
| 24:44 | Create | Unit 1911 ×4 |
| 26:00 | Create | Skirmisher ×5 |
| 26:35 | Research | Elite Skirmisher (upgrade) |
| 27:39 | Build | Siege Workshop |
| 28:13 | Create | Iron Pagoda |
| 28:41 | Create | Iron Pagoda |
| 29:20 | Create | Battering Ram |
| 29:44 | Build | Town Center |
| 30:27 | Create | Iron Pagoda |
| 31:38 | Research | Hand Cart |
| 31:41 | Create | Villager (Male) |
| 31:42 | Create | Villager (Male) |
| 31:46 | Build | Farm |
| 31:46 | Build | Farm |
| 31:46 | Build | Farm |
| 31:46 | Build | Farm |
| 32:20 | Create | Villager (Male) |
| 33:15 | Build | Town Center |
| 33:45 | Build | Farm |
| 33:46 | Build | Farm |
| 34:05 | Create | Villager (Male) |
| 34:08 | Create | Villager (Male) |
| 34:14 | Build | Farm |
| 34:14 | Build | Farm |
Build order — Kable109
First 150 of 264 actions detected
| 0:00 | Create | Villager (Male) |
| 0:02 | Build | House |
| 0:03 | Build | House |
| 0:05 | Create | Villager (Male) |
| 0:13 | Create | Villager (Male) |
| 0:18 | Create | Villager (Male) |
| 1:27 | Create | Villager (Male) |
| 1:45 | Build | Lumber Camp |
| 2:08 | Create | Villager (Male) |
| 2:19 | Create | Villager (Male) |
| 2:53 | Create | Villager (Male) |
| 3:01 | Build | House |
| 3:18 | Create | Villager (Male) |
| 4:00 | Create | Villager (Male) |
| 4:13 | Build | Mill |
| 4:28 | Create | Villager (Male) |
| 4:28 | Create | Villager (Male) |
| 4:55 | Create | Villager (Male) |
| 4:56 | Create | Villager (Male) |
| 5:39 | Create | Villager (Male) |
| 6:15 | Research | Loom |
| 7:03 | Research | Feudal Age |
| 7:27 | Build | Mining Camp |
| 7:34 | Build | Mill |
| 7:56 | Build | House |
| 8:21 | Create | Villager (Male) |
| 8:32 | Build | Barracks |
| 8:47 | Create | Villager (Male) |
| 8:47 | Create | Villager (Male) |
| 8:47 | Create | Villager (Male) |
| 9:13 | Age | Feudal Age |
| 9:35 | Build | Stable |
| 9:36 | Create | Villager (Male) |
| 9:37 | Create | Villager (Male) |
| 9:45 | Create | Villager (Male) |
| 10:00 | Build | Farm |
| 10:01 | Create | Villager (Male) |
| 10:13 | Research | Double-Bit Axe |
| 10:26 | Build | House |
| 10:31 | Create | Scout Cavalry |
| 10:31 | Create | Scout Cavalry |
| 10:31 | Create | Scout Cavalry |
| 10:32 | Create | Scout Cavalry |
| 10:40 | Build | Farm |
| 10:57 | Build | Farm |
| 11:02 | Create | Villager (Male) |
| 11:10 | Create | Scout Cavalry |
| 11:16 | Build | Palisade Wall |
| 11:37 | Create | Villager (Male) |
| 11:37 | Create | Villager (Male) |
| 11:42 | Build | Farm |
| 11:45 | Build | Farm |
| 11:47 | Build | Farm |
| 11:50 | Create | Scout Cavalry |
| 11:50 | Create | Scout Cavalry |
| 12:10 | Create | Villager (Male) |
| 12:13 | Build | Farm |
| 12:15 | Build | Farm |
| 12:16 | Create | Villager (Male) |
| 12:39 | Build | House |
| 13:48 | Create | Villager (Male) |
| 13:49 | Create | Villager (Male) |
| 13:49 | Create | Villager (Male) |
| 13:52 | Build | Farm |
| 13:53 | Build | Farm |
| 13:54 | Create | Villager (Male) |
| 13:57 | Build | Farm |
| 13:58 | Build | Farm |
| 13:59 | Build | Farm |
| 14:46 | Create | Villager (Male) |
| 14:46 | Create | Villager (Male) |
| 14:46 | Create | Villager (Male) |
| 14:48 | Build | Farm |
| 15:03 | Create | Villager (Male) |
| 15:03 | Create | Villager (Male) |
| 15:22 | Create | Villager (Male) |
| 15:23 | Create | Villager (Male) |
| 15:27 | Build | Farm |
| 15:35 | Build | Mining Camp |
| 15:41 | Build | Farm |
| 15:46 | Create | Villager (Male) |
| 15:52 | Build | Farm |
| 15:57 | Build | House |
| 15:58 | Build | House |
| 15:59 | Build | House |
| 16:25 | Build | House |
| 16:35 | Research | Wheelbarrow |
| 16:41 | Create | Villager (Male) |
| 16:41 | Create | Villager (Male) |
| 16:41 | Create | Villager (Male) |
| 16:57 | Build | Stable |
| 17:14 | Create | Villager (Male) |
| 17:25 | Build | Farm |
| 17:33 | Build | Blacksmith |
| 17:50 | Create | Villager (Male) |
| 18:02 | Build | House |
| 18:20 | Research | Castle Age |
| 18:30 | Research | Scale Barding Armor |
| 18:41 | Create | Villager (Male) |
| 18:41 | Create | Villager (Male) |
| 18:49 | Build | House |
| 18:51 | Build | House |
| 18:53 | Build | Palisade Wall |
| 18:55 | Create | Villager (Male) |
| 18:55 | Create | Villager (Male) |
| 19:15 | Create | Villager (Male) |
| 19:15 | Create | Villager (Male) |
| 19:17 | Research | Forging |
| 19:32 | Build | Farm |
| 20:57 | Build | House |
| 21:03 | Age | Castle Age |
| 21:04 | Build | House |
| 21:11 | Research | Husbandry |
| 21:14 | Create | Knight |
| 21:15 | Create | Knight |
| 21:15 | Create | Knight |
| 21:19 | Research | Chain Barding Armor |
| 21:32 | Build | Town Center |
| 21:34 | Create | Villager (Male) |
| 21:35 | Create | Villager (Male) |
| 21:44 | Research | Iron Casting |
| 21:48 | Create | Knight |
| 21:49 | Create | Knight |
| 21:49 | Create | Knight |
| 21:54 | Create | Villager (Male) |
| 21:54 | Create | Villager (Male) |
| 22:08 | Build | House |
| 22:09 | Build | House |
| 22:12 | Create | Villager (Male) |
| 22:12 | Create | Villager (Male) |
| 23:08 | Create | Knight |
| 23:09 | Create | Knight |
| 23:11 | Create | Knight |
| 23:11 | Create | Knight |
| 23:23 | Create | Villager (Male) |
| 23:23 | Create | Villager (Male) |
| 23:43 | Create | Villager (Male) |
| 23:43 | Create | Villager (Male) |
| 23:59 | Create | Villager (Male) |
| 24:03 | Build | Farm |
| 24:04 | Build | Farm |
| 24:07 | Build | Farm |
| 24:08 | Create | Villager (Male) |
| 24:11 | Create | Villager (Male) |
| 24:34 | Create | Knight |
| 24:35 | Create | Knight |
| 24:35 | Create | Knight |
| 24:37 | Create | Knight |
| 24:43 | Create | Knight |
| 24:43 | Create | Knight |
Build order — Carter
First 150 of 166 actions detected
| 0:04 | Build | House |
| 0:07 | Build | House |
| 0:09 | Create | Villager (Male) ×4 |
| 1:28 | Research | Loom |
| 1:35 | Create | Villager (Male) |
| 2:08 | Create | Villager (Male) |
| 2:32 | Create | Villager (Male) |
| 3:11 | Create | Villager (Male) |
| 3:11 | Create | Villager (Male) |
| 3:50 | Create | Villager (Male) |
| 4:06 | Build | Lumber Camp |
| 4:17 | Build | House |
| 4:18 | Build | House |
| 4:30 | Create | Villager (Male) |
| 4:40 | Create | Villager (Male) |
| 5:15 | Create | Villager (Male) |
| 5:15 | Create | Villager (Male) |
| 5:16 | Create | Villager (Male) |
| 5:28 | Create | Villager (Male) |
| 5:37 | Create | Villager (Male) |
| 6:06 | Create | Villager (Male) |
| 6:55 | Build | Mill |
| 7:03 | Create | Villager (Male) |
| 7:19 | Build | House |
| 7:26 | Build | Palisade Wall |
| 7:41 | Create | Villager (Male) |
| 8:10 | Build | Mill |
| 8:32 | Create | Villager (Male) |
| 9:10 | Build | Lumber Camp |
| 9:17 | Research | Feudal Age |
| 9:55 | Build | Mining Camp |
| 10:15 | Build | Palisade Wall |
| 10:30 | Build | Palisade Wall |
| 10:34 | Build | Palisade Wall |
| 10:39 | Build | Palisade Wall |
| 10:42 | Build | Palisade Wall |
| 10:56 | Build | Palisade Wall |
| 11:01 | Build | Palisade Wall |
| 11:16 | Create | Villager (Male) |
| 11:16 | Create | Villager (Male) |
| 11:16 | Create | Villager (Male) |
| 11:29 | Age | Feudal Age |
| 11:45 | Build | Blacksmith |
| 11:54 | Research | Double-Bit Axe |
| 12:26 | Build | Palisade Gate |
| 12:39 | Build | House |
| 12:40 | Build | House |
| 12:42 | Build | House |
| 12:56 | Build | Market |
| 13:04 | Build | Farm |
| 13:05 | Build | Farm |
| 14:34 | Build | Barracks |
| 15:12 | Research | Wheelbarrow |
| 15:13 | Create | Villager (Male) |
| 15:13 | Create | Villager (Male) |
| 15:42 | Build | Mining Camp |
| 16:35 | Build | Farm |
| 16:37 | Create | Spearman |
| 16:38 | Create | Spearman |
| 16:51 | Research | Horse Collar |
| 16:57 | Build | Farm |
| 17:00 | Create | Villager (Male) |
| 17:00 | Create | Villager (Male) |
| 17:31 | Build | Farm |
| 17:44 | Create | Villager (Male) |
| 17:45 | Create | Villager (Male) |
| 17:51 | Build | Farm |
| 18:16 | Create | Villager (Male) |
| 18:26 | Build | Farm |
| 18:26 | Build | Farm |
| 18:28 | Build | Farm |
| 18:32 | Build | Farm |
| 18:38 | Build | Farm |
| 18:44 | Build | Stable |
| 19:01 | Build | Archery Range |
| 19:11 | Research | Gold Mining |
| 19:14 | Create | Villager (Male) |
| 19:14 | Create | Villager (Male) |
| 19:33 | Build | Mill |
| 19:36 | Build | Farm |
| 19:37 | Build | Farm |
| 19:45 | Build | Farm |
| 19:47 | Create | Villager (Male) |
| 19:47 | Create | Villager (Male) |
| 20:30 | Create | Villager (Male) |
| 20:39 | Build | Farm |
| 20:44 | Build | Farm |
| 20:51 | Build | Farm |
| 20:56 | Build | Farm |
| 20:59 | Create | Villager (Male) |
| 20:59 | Create | Villager (Male) |
| 21:18 | Research | Bloodlines |
| 21:58 | Create | Villager (Male) |
| 22:06 | Build | Farm |
| 22:21 | Build | House |
| 22:22 | Build | House |
| 22:23 | Build | House |
| 22:26 | Build | House |
| 22:28 | Build | House |
| 22:34 | Research | Castle Age |
| 23:13 | Create | Spearman |
| 23:14 | Create | Spearman |
| 23:14 | Create | Spearman |
| 23:17 | Research | Bloodlines |
| 23:22 | Research | Fletching |
| 24:04 | Create | Villager (Male) |
| 24:04 | Create | Villager (Male) |
| 24:46 | Create | Villager (Male) |
| 24:57 | Build | Barracks |
| 25:14 | Age | Castle Age |
| 25:19 | Build | Castle |
| 25:28 | Research | Squires |
| 25:28 | Create | Fire Lancer ×5 |
| 25:38 | Build | Siege Workshop |
| 25:44 | Research | Husbandry |
| 25:48 | Create | Battle Elephant |
| 25:48 | Create | Battle Elephant |
| 25:50 | Create | Battle Elephant |
| 25:51 | Create | Battle Elephant |
| 25:51 | Create | Battle Elephant |
| 26:01 | Build | Stable |
| 26:06 | Research | Husbandry |
| 26:15 | Create | Fire Lancer ×3 |
| 26:22 | Create | Villager (Male) |
| 26:22 | Create | Villager (Male) |
| 26:23 | Create | Villager (Male) |
| 26:23 | Create | Villager (Male) |
| 26:27 | Research | Bow Saw |
| 27:06 | Build | Mining Camp |
| 27:12 | Create | Battering Ram |
| 27:38 | Create | Villager (Male) |
| 27:39 | Create | Villager (Male) |
| 28:25 | Create | Villager (Male) |
| 28:25 | Create | Villager (Male) |
| 28:42 | Create | Fire Lancer ×4 |
| 28:49 | Create | Villager (Male) ×5 |
| 28:56 | Build | Town Center |
| 29:22 | Create | Battle Elephant ×2 |
| 29:35 | Create | Battering Ram |
| 30:44 | Research | Pikeman (upgrade) |
| 30:44 | Create | Spearman ×5 |
| 30:44 | Create | Spearman ×5 |
| 30:51 | Create | Battering Ram |
| 31:13 | Create | Villager (Male) |
| 31:13 | Create | Villager (Male) |
| 31:14 | Create | Villager (Male) |
| 31:14 | Create | Villager (Male) |
| 31:18 | Create | Villager (Male) |
| 31:19 | Create | Villager (Male) |
| 31:20 | Create | Villager (Male) |
Match timeline
| 7:26 | Carter · wall_segment Palisade Wall x9 |
| 7:41 | Lankabel95 · first_building Barracks |
| 8:32 | Kable109 · first_building Barracks |
| 9:13 | Kable109 · age_up feudal |
| 9:31 | Lankabel95 · age_up feudal |
| 9:32 | Lankabel95 · first_building Archery Range |
| 9:35 | Yoshizz · first_building Barracks |
| 9:35 | Kable109 · first_building Stable |
| 9:51 | Lankabel95 · wall_segment Palisade Wall x1 |
| 10:15 | Carter · wall_segment Palisade Wall x11 |
| 10:20 | Yoshizz · age_up feudal |
| 10:30 | Carter · wall_segment Palisade Wall x12 |
| 10:34 | Carter · wall_segment Palisade Wall x12 |
| 10:39 | Carter · wall_segment Palisade Wall x7 |
| 10:42 | Carter · wall_segment Palisade Wall x5 |
| 10:46 | Yoshizz · wall_segment Palisade Wall x1 |
| 10:53 | Yoshizz · wall_segment Palisade Wall x3 |
| 10:56 | Carter · wall_segment Palisade Wall x10 |
| 11:01 | Carter · wall_segment Palisade Wall x18 |
| 11:16 | Kable109 · wall_segment Palisade Wall x8 |
| 11:29 | Carter · age_up feudal |
| 13:50 | Yoshizz · first_building Archery Range |
| 14:34 | Carter · first_building Barracks |
| 18:04 | Yoshizz · age_up castle |
| 18:06 | Lankabel95 · first_building Stable |
| 18:44 | Carter · first_building Stable |
| 18:53 | Kable109 · wall_segment Palisade Wall x8 |
| 19:01 | Carter · first_building Archery Range |
| 20:32 | Yoshizz · first_building Stable |
| 21:00 | Lankabel95 · age_up castle |
| 21:03 | Kable109 · age_up castle |
| 22:06 | Yoshizz · wall_segment Palisade Wall x8 |
| 25:14 | Carter · age_up castle |
| 25:19 | Carter · first_building Castle |
| 25:38 | Carter · first_building Siege Workshop |
| 26:50 | Lankabel95 · first_building Castle |
| 27:20 | Kable109 · first_building Monastery |
| 27:39 | Yoshizz · first_building Siege Workshop |
| 34:26 | Carter · tribute_sent a jugador 1 |
| 34:26 | Carter · tribute_sent a jugador 2 |
| 34:26 | Carter · tribute_sent a jugador 3 |
| 34:40 | Lankabel95 · age_up imperial |
| 34:53 | Yoshizz · resign |
[ AI ANALYSIS · 1 CREDIT ]
What really happened in this match?
Wolo.gg analyzes every decision: build order, eco, micro, common mistakes by bracket. Personalized analysis on WhatsApp or Discord in 30 seconds.
Civ guide
Persians
Perfil
Jugador #1255830